 Dungeon Crawl Stone Soup version 0.21-a0 (webtiles) character file.

209 Chiseanne the Skirmisher (level 5, -8/41 HPs)
             Began as a Barachi Wanderer on May 19, 2017.
             Mangled by an orc warrior
             ... wielding a +0 glaive
              (11 damage)
             ... on level 4 of the Dungeon.
             The game lasted 00:13:29 (3651 turns).

Chiseanne the Skirmisher (Barachi Wanderer)         Turns: 3651, Time: 00:13:30

Health: -8/41      AC:  7    Str: 16    XL:     5   Next: 87%
Magic:  9/9        EV: 12    Int: 12    God:
Gold:   110        SH:  0    Dex: 10    Spells: 4/10 levels left

rFire    . . .     SeeInvis .   a - +2 spear
rCold    . . .     Gourm    .   (no shield)
rNeg     + . .     Faith    .   l - +1 leather armour
rPois    .         Spirit   .   (no helmet)
rElec    .         Reflect  .   n - +0 cloak
rCorr    .         Harm     .   k - +1 pair of gloves {archery}
MR       .....                  (no boots)
Stlth    +.........             (no amulet)
Regen    0.2/turn               u - ring of positive energy
MPRegen  0.2/turn               (no ring)

@: slow
A: +LOS, swims, slowness 1, strong legs 1
a: Hop


You were on level 4 of the Dungeon.
You were not hungry.

You visited 1 branch of the dungeon, and saw 4 of its levels.

You collected 110 gold pieces.

Inventory:

Hand Weapons
 a - a +2 spear (weapon)
Missiles
 e - 22 arrows
 h - 28 sling bullets
 m - 38 stones (quivered)
 t - 27 poisoned needles
 w - 10 bolts
Armour
 k - a +1 pair of gloves of archery (worn)
 l - a +1 leather armour (worn)
 n - a +0 cloak (worn)
Jewellery
 u - a ring of positive energy (left hand)
Wands
 z - a wand of iceblast (0/15)
Scrolls
 c - a scroll of immolation
 f - a scroll of magic mapping
Potions
 b - a potion of brilliance {unknown}
 i - a potion of curing {unknown}
 o - 2 potions of flight
 p - a potion of lignification {unknown}
 q - a potion of resistance {unknown}
 r - a potion of degeneration {unknown}
 s - 2 potions of heal wounds
 v - a potion of mutation {unknown}
 x - a potion of haste {unknown}
Comestibles
 d - 2 bread rations
 g - a meat ration
 j - a royal jelly
 A - 4 chunks of flesh


   Skills:
 * Level 3.6 Fighting
 - Level 3.0 Polearms
 * Level 2.5 Dodging
   Level 1.1 Shields
 * Level 3.2 Spellcasting
   Level 2.1 Hexes
   Level 1.1 Transmutations
 * Level 2.7 Air Magic
 - Level 1.1 Evocations


You had 4 spell levels left.
You knew the following spells:

 Your Spells              Type           Power        Failure   Level  Hunger
a - Poisonous Vapours     Pois/Air       #.....       26%         2    ###....
b - Swiftness             Chrm/Air       #.......     26%         2    ###....
c - Apportation           Tloc           #.....       30%         1    #......
d - Animate Skeleton      Necr           N/A          30%         1    #......


Dungeon Overview and Level Annotations

Branches:
Dungeon (4/15)
 Temple: D:4-7

Altars:
Makhleb


Innate Abilities, Weirdness & Mutations

Shadows flee at your approach. (+LOS)
You can swim through water.
You cover ground slowly.
You can hop short distances.


Message History

Evoking this partially-identified wand wasted a few charges.
You hear a shout!
You hear a bark!
An orc comes into view. It is wielding a flail.
Evoke which item? (* to show all) (? for menu, Esc to quit)
Aiming: Iceblast (will waste charges)
Press: ? - help, Shift-Dir - straight line, f/p - orc warrior
Aim: an orc warrior, wielding a glaive and wearing a plate armour (heavily wounded)
The mass of ice explodes!
The iceblast engulfs the orc warrior.
The orc warrior is almost dead.
Evoking this partially-identified wand wasted a few charges.
You hear a shout!
The orc warrior hits you from afar with a glaive!
A hound comes into view.
The orc warrior hits you with a glaive!!
Ouch! That really hurt!
* * * LOW HITPOINT WARNING * * *
You hit the orc warrior but do no damage.
The orc warrior is almost dead.
The orc warrior hits you with a glaive!
You die...

#.#......##.######
#.#......##.#.)...
..+......##.#.#### #
#.#......##.#...<# #.
#.#......##.######
#.##.###+##..........
#..#h..........######
#oo...........#
#.%@..........#
##..).........#
#..........###
#..........#
##.###+#...# #.#
#...# +># #...# ###
#...# #...#


You could see an orc warrior, a hound and an orc.

Vanquished Creatures
  A hound (D:2)
  2 orc wizards (D:4)
  3 adders
  An ooze (D:3)
  2 worms (D:3)
  2 dart slugs (D:1)
  3 leopard geckos
  7 orcs
  4 giant cockroaches
  4 goblins
  8 hobgoblins
  8 jackals
  9 kobolds
  A quokka (D:2)
  8 bats
  7 frilled lizards
  3 rats (D:1)
73 creatures vanquished.

Notes
Turn   | Place    | Note
-------+----------+-------------------------------------------
     0 | D:1      | Chiseanne the Barachi Wanderer began the quest for the Orb.
     0 | D:1      | Chiseanne set off with: a +2 spear, Maofrig's Volume of Weightlessness, a +0 robe, a bread ration
     0 | D:1      | Reached XP level 1. HP: 13/13 MP: 3/3
     1 | D:1      | Identified Maofrig's Volume of Weightlessness
   243 | D:1      | Reached skill level 1 in Fighting
   244 | D:1      | Reached XP level 2. HP: 3/21 MP: 5/5
   502 | D:1      | Learned a level 2 spell: Poisonous Vapours
   505 | D:1      | Learned a level 2 spell: Swiftness
   690 | D:1      | Reached skill level 1 in Dodging
   726 | D:1      | Reached skill level 1 in Air Magic
   738 | D:1      | Reached XP level 3. HP: 9/27 MP: 6/6
  1554 | D:2      | Learned a level 1 spell: Apportation
  1556 | D:2      | Learned a level 1 spell: Animate Skeleton
  1765 | D:2      | Reached XP level 4. HP: 23/34 MP: 7/7
  2241 | D:2      | Found a burning altar of Makhleb.
  2757 | D:3      | Reached XP level 5. HP: 41/41 MP: 9/9
  3646 | D:4      | Noticed an orc warrior
  3651 | D:4      | Mangled by an orc warrior

Vault maps used:
D:1:      noname_arrival_rooms_in_the_neighbourhood
D:2:      makhleb_heckhound_becter
D:3:      corexii_shack
D:4:      grunt_temple_overflow_open, first_bread

Skill      XL: |  1  2  3  4  5 |
---------------+----------------+-----
Fighting       | 1 2 3 |  3.6
Dodging        | 1 2 |  2.5
Air Magic      | 1 2 |  2.7
Spellcasting   | 3 |  3.2
Polearms       | |  3.0
Shields        | |  1.1
Hexes          | |  2.1
Transmutations | |  1.1
Evocations     | |  1.1

Action                   |  1- 3 |  4- 6 || total
-------------------------+-------+-------++-------
Melee: Spear             |   127 |   162 ||   289
 Abil: Hop               |       |     1 ||     1
Evoke: Wand              |       |     3 ||     3
  Use: Scroll            |     6 |     6 ||    12
  Eat: Chunk             |     3 |     5 ||     8
       Royal jelly       |       |     1 ||     1
Armor: Robe              |    15 |       ||    15
       Leather armour    |    23 |    70 ||    93
Dodge: Dodged            |    88 |    89 ||   177
